Map: Pillars of Gold LE

Players

JinairRogue (Rogue) - Winner!

  • Race: Zerg Zerg
  • Spawn Location: 7:00

Armani

  • Race: Zerg Zerg
  • League: Master
  • Spawn Location: 1:00

Event: War Chest Team League

VOD

Have the link to the VOD?

Description

Time

  • Played on: Aug. 16, 2020, 6:03 a.m.
  • Length: 5:16
Show
View Real Time Build Order
Export as new Build Order

JinairRogue Zerg - Winner!

Build Orders: Pool First 

Get SALT Encoding   

  12  0:00  Drone  
  13  0:12  Overlord  
  13  0:17  Drone  
  14  0:31  Drone x2  
  16  0:42  Spawning Pool  
  15  0:45  Drone  
  15  0:49  Drone  
  17  1:11  Hatchery  
  16  1:13  Drone  
  17  1:27  Extractor  
  17  1:29  Zergling x6  
  19  1:34  Queen  
  21  1:42  Overlord  
  21  1:52  Zergling x2  
  22  1:56  Spine Crawler  
  21  2:03  Zergling x2  
  22  2:09  Queen  
  22  2:13  Zergling x2  
  25  2:25  Queen  
  25  2:29  Zergling x2  
  28  2:35  Zergling x2  
  28  2:46  Queen  
  28  2:48  Zergling x2  
  29  2:53  Zergling x2  
  29  2:58  Zergling x4  
  25  3:09  Queen  
  27  3:16  Drone  
  27  3:18  Drone  
  28  3:20  Drone  
  29  3:29  Zergling x4  
  31  3:38  Spine Crawler  
  29  3:41  Zergling x2  
  29  3:44  Zergling x2  
  31  3:51  Zergling x2  
  31  3:52  Zergling x2  
  33  4:06  Overlord  
  33  4:08  Drone x2  
  35  4:23  Zergling x2  
  35  4:25  Spine Crawler  
  35  4:29  Queen  
  33  4:35  Drone x3  
  36  4:40  Drone  
  36  4:42  Drone  
  38  4:51  Spine Crawler  
  38  4:56  Zergling x2  
  38  4:57  Spine Crawler  
  39  5:03  Drone  
Show
View Real Time Build Order
Export as new Build Order

Armani Zerg 

Build Orders: 1 Base Baneling Bust, Pool First, Zergling Baneling 

Get SALT Encoding   

  12  0:09  Extractor  
  11  0:20  Spawning Pool  
  10  0:26  Drone  
  11  0:30  Drone  
  12  0:37  Drone  
  13  0:50  Overlord  
  13  1:09  Zergling x6  
  16  1:16  Metabolic Boost  
  16  1:21  Zergling x2  
  17  1:31  Zergling x2  
  18  1:37  Baneling Nest  
  17  1:44  Zergling x2  
  18  1:52  Zergling x2  
  19  2:00  Queen  
  21  2:12  Overlord  
  21  2:21  Baneling x2  
  21  2:28  Baneling x2  
  21  2:32  Zergling x2  
  21  2:33  Zergling x2  
  23  2:41  Zergling x2  
  19  2:58  Zergling x4  
  20  3:10  Zergling x2  
  20  3:11  Baneling x3  
  21  3:16  Zergling x2  
  21  3:21  Baneling  
  21  3:25  Drone x3  
  24  3:37  Drone  
  25  3:49  Zergling x8  
  28  4:15  Hatchery  
  27  4:19  Drone  
  27  4:22  Drone  
  29  4:25  Drone  
  30  4:33  Overlord  
  30  4:49  Extractor  
  30  4:52  Drone  
  30  4:53  Drone  
  30  4:57  Drone  
  31  5:01  Drone  
Tags
 
Add a new tag
Caveats
  • Supply blocks, unpowered buildings, or Contaminate may cause inaccurate times.
  • Supply counts are checked every 10 seconds.